 Dungeon Crawl Stone Soup version 0.30-a0-168-g0b976cbdc4 (webtiles) character file.

Game seed: 10614734994686478842

8563 Pooter the Cleaver (level 11, -6/97 HPs)
             Began as a Minotaur Fighter on Sept 29, 2022.
             Was an Initiate of Gozag.
             Mangled by a hornet (11 damage)
             ... on level 9 of the Dungeon.
             The game lasted 00:52:20 (10806 turns).

Pooter the Cleaver (Minotaur Fighter)              Turns: 10806, Time: 00:52:20

Health: -6/97      AC: 16    Str: 23    XL:     11   Next: 11%
Magic:  10/10      EV:  8    Int:  4    God:    Gozag
Gold:   907        SH:  5    Dex: 15    Spells: 10/10 levels left

rFire   + . .      SeeInvis .    a - +4 battleaxe
rCold   . . .      Faith    .    (shield currently unavailable)
rNeg    . . .      Spirit   .    X - +2 chain mail {rF+}
rPois   .          Reflect  +    (helmet restricted)
rElec   .          Harm     .    l - +0 cloak
rCorr   .          Rampage  .    j - +0 pair of gloves
Will    .....                    (no boots)
Stlth   ..........               s - amulet of reflection
HPRegen 0.26/turn                (no ring)
MPRegen 0.12/turn                (no ring)

@: lethally poisoned (-6 -> -11), slowed, very slow
A: horns 2, retaliatory headbutt, hooves 1, agile 1, shaggy fur 1
a: Renounce Religion, Potion Petition, Call Merchant, Bribe Branch


You were on level 9 of the Dungeon.
You worshipped Gozag.
Gozag was pleased with you.
You visited 2 branches of the dungeon, and saw 10 of its levels.

You collected 1611 gold pieces.
You spent 108 gold pieces at shops.
You paid 596 gold pieces to Gozag.

Inventory:

Hand Weapons
 a - a +4 battleaxe (weapon)
   (You took it off a wight on level 8 of the Dungeon)
 b - a +0 shortbow
   (You took it off a centaur on level 7 of the Dungeon)
 g - a +0 battleaxe of flaming
   (You took it off a wight on level 7 of the Dungeon)
 k - a +0 sling
   (You found it on level 5 of the Dungeon)
 n - a +2 hammer of holy wrath
   (You found it on level 4 of the Dungeon)
 v - a +0 war axe
Missiles
 i - a curare-tipped dart
 B - 2 poisoned darts
 D - 13 boomerangs (quivered)
 Q - 75 stones
Armour
 c - a +0 buckler
 j - a +0 pair of gloves (worn)
   (You found it on level 4 of the Dungeon)
 l - a +0 cloak (worn)
   (You took it off Crazy Yiuf on level 4 of the Dungeon)
 y - a +2 chain mail of positive energy
   (You took it off an orc warrior on level 7 of the Dungeon)
 H - a +0 chain mail
   (You found it on level 5 of the Dungeon)
 X - a +2 chain mail of fire resistance (worn)
   (You took it off an orc on level 7 of the Dungeon)
Jewellery
 s - an amulet of reflection (around neck)
   (You found it on level 2 of the Dungeon)
 J - a ring of fire
   (You found it on level 4 of the Dungeon)
 W - a ring of wizardry
   (You found it on level 5 of the Dungeon)
 Z - a +6 ring of intelligence
   (You found it on level 7 of the Dungeon)
Wands
 f - a wand of flame (21)
   (You took it off Ijyb on level 4 of the Dungeon)
 h - a wand of polymorph (6)
   (You took it off Pikel on level 4 of the Dungeon)
 F - a wand of light (7)
   (You found it on level 5 of the Dungeon)
 M - a wand of roots (6)
   (You found it on level 6 of the Dungeon)
 Y - a wand of charming (5)
   (You found it on level 6 of the Dungeon)
Scrolls
 d - 4 scrolls of amnesia
 e - 3 scrolls of fog
 r - a scroll of silence
 t - 2 scrolls of teleportation {@r4}
 w - a scroll of magic mapping
 x - a scroll of summoning
 z - 2 scrolls of vulnerability {!r}
 E - 4 scrolls of blinking {unknown}
 G - 2 scrolls of noise {!r}
 I - a scroll of torment {unknown}
 K - a scroll of poison {unknown}
 N - a scroll of enchant armour {unknown}
 O - a scroll of acquirement {unknown}
Potions
 m - a potion of magic {unknown}
 o - 2 potions of flight {unknown}
 p - a potion of cancellation
 q - 4 potions of heal wounds {@q2}
 u - 4 potions of curing {@q1}
 A - 2 potions of berserk rage {unknown}
 C - 2 potions of lignification {unknown}
 P - a potion of attraction {unknown}
 R - 2 potions of degeneration {unknown}
 V - a potion of brilliance {unknown}
Miscellaneous
 S - a lightning rod (4/4) {!a}
   (You found it on level 7 of the Dungeon)
 T - a tin of tremorstones (inert)
   (You found it on level 7 of the Dungeon)
 U - a phial of floods
   (You found it on level 7 of the Dungeon)


   Skills:
 + Level 9.5 Fighting
 * Level 12.6 Axes
 * Level 8.2 Ranged Weapons
 - Level 7.1 Armour
 - Level 7.2 Shields
 + Level 4.6 Evocations


You had 10 spell levels left.
You didn't know any spells.
Your spell library contained the following spells:

 Spells                   Type           Power      Damage    Failure   Level
 Sting                    Tmut/Pois      0%         1d3       98%         1
 Gell's Gravitas          Tloc           0%         N/A       100%        3
 Lesser Beckoning         Tloc           0%         N/A       100%        3
 Teleport Other           Tloc           0%         N/A       100%        3
 Passage of Golubria      Tloc           0%         N/A       100%        4
 Fireball                 Conj/Fire      0%         3d3       100%        5
 Silence                  Hex/Air        0%         N/A       100%        5
 Lehudib's Crystal Spear  Conj/Erth      0%         10d2      100%        8
 Chain Lightning          Conj/Air       0%         N/A       100%        9


Dungeon Overview and Level Annotations

Branches:
Dungeon (9/15)             Temple (1/1) D:4
   Lair: D:8-11         Orc: D:9-12

Altars:
Ashenzari
Cheibriados
Dithmenos
Fedhas
Gozag
Hepliaklqana
Kikubaaqudgha
Makhleb
Nemelex Xobeh
Okawaru
Sif Muna
Trog
Uskayaw
Vehumet
Wu Jian
Zin
The Shining One

Shops:
D:3 [[   D:7 *   D:8 (

Annotations:
D:3 Terence


Innate Abilities, Weirdness & Mutations

You have a pair of horns on your head.
You reflexively headbutt those who attack you in melee.
You have large cloven feet.
You are agile. (Dex +4, Str/Int -1)
You are covered in fur. (AC +1)


Message History

You throw a boomerang. The boomerang misses the hornet.
You throw a boomerang.
The boomerang hits the hornet but does no damage.
The hornet stings you!
You feel yourself slow down.
You slash the hornet! The hornet stings you.
You are poisoned.
You feel as though you will be slow longer.
The hornet stings you.
You are more poisoned.
You feel as though you will be slow longer.
You closely miss the hornet. You kick the hornet.
You feel extremely sick. You block the hornet's attack. The hornet stings you!
You feel as though you will be slow longer.
The hornet stings you but does no damage.
You barely miss the hornet.
You headbutt the hornet, but do no damage.
You feel very sick.
The hornet stings you but does no damage.
The hornet stings you.
You feel as though you will be slow longer.
Unknown command.
You barely miss the hornet. You kick the hornet, but do no damage.
You headbutt the hornet.
You feel very sick. The hornet stings you!
* * * LOW HITPOINT WARNING * * *
You are more poisoned.
You suddenly lose the ability to move!
The hornet stings you.
* * * LOW HITPOINT WARNING * * *
You feel as though you will be slow longer.
The hornet stings you but does no damage.
You feel very sick. The hornet stings you!
* * * LOW HITPOINT WARNING * * *
You feel as though you will be slow longer.
You can move again.
You hit the hornet. Your kick misses the hornet.
You feel very sick. The hornet stings you!
* * * LOW HITPOINT WARNING * * *
You shrug off the repeated paralysis!
You block the hornet's attack.
You closely miss the hornet. You kick the hornet.
Your headbutt misses the hornet.
* * * LOW HITPOINT WARNING * * *
You feel very sick. The hornet stings you!
You die...
Your body crumbles into a pile of gold.

.## ##.## .. . #...#
##.##.. #...# ....$#.
#...# .......
#####...##### .....#
#...........####y....##
...............@.......
#...........####..<#.##
$ #####...##### .......
#..># ....... #.#.#
..#..## #[..# .......
##.## #.#..#. #.# ... .
#######.#


You could see a hornet.

Vanquished Creatures
  Pikel (D:4)
  2 gargoyles (D:7)
  An efreet (D:9)
  A troll (D:7)
  A slime creature (D:7)
  Grinder (D:3)
  Sigmund (D:3)
  The ghost of a11behringer the Chopper, an amateur HOFi (D:4)
  2 vampires
  A basilisk (D:7)
  A steam dragon (D:7)
  Grum (D:7)
  4 water moccasins
  3 orc warriors
  4 sky beasts (D:7)
  A black bear (D:7)
  4 ice beasts
  2 centaurs
  4 wolves
  2 ogres
  2 phantoms (D:6)
  A kobold brigand (D:8)
  A gnoll sergeant (D:7)
  6 bullfrogs
  3 necrophages
  2 scorpions
  15 wights
  7 killer bees (D:9)
  A vampire bat (D:5)
  3 howler monkeys
  6 orc priests
  4 hounds
  A water moccasin simulacrum (D:4)
  A jelly (D:5)
  2 gnoll boudas (D:8)
  Crazy Yiuf (D:4)
  An iguana (D:4)
  Ijyb (D:4)
  13 orc wizards
  A centaur simulacrum (D:4)
  A scorpion simulacrum (D:4)
  6 adders
  12 gnolls
  A hound simulacrum (D:4)
  2 shadow imps
  2 white imps
  2 ufetubi (D:7)
  2 worms (D:6)
  2 dart slugs
  42 orcs
  4 bat zombies (D:5)
  8 endoplasms
  9 giant cockroaches
  3 hobgoblins
  12 jackals
  10 kobolds
  10 quokkas
  3 ball pythons
  A bat (D:1)
  3 frilled lizards
  9 goblins
  9 rats
263 creatures vanquished.

Vanquished Creatures (collateral kills)
  A killer bee (D:9)
1 creature vanquished.

Vanquished Creatures (others)
  3 killer bees (D:9)
  14 fungi (D:6)
17 creatures vanquished.

Grand Total: 281 creatures vanquished

Notes
Turn   | Place    | Note
-------+----------+-------------------------------------------
     0 | D:1      | Pooter the Minotaur Fighter began the quest for the Orb.
     0 | D:1      | Reached XP level 1. HP: 19/19 MP: 0/0
   342 | D:1      | Reached XP level 2. HP: 25/27 MP: 1/1
   537 | D:1      | Reached skill level 3 in Axes
  1064 | D:2      | You fall into a shaft and drop 2 floors!
  1120 | D:4      | Reached XP level 3. HP: 33/33 MP: 2/2
  1126 | D:4      | Noticed Ijyb
  1139 | D:4      | Killed Ijyb
  1284 | D:4      | Reached skill level 4 in Axes
  1284 | D:4      | Reached XP level 4. HP: 25/40 MP: 3/3
  1472 | D:4      | Noticed a11behringer's ghost (amateur HOFi)
  1473 | D:4      | Noticed an ice beast
  1507 | D:4      | Reached XP level 5. HP: 30/47 MP: 4/4
  1603 | D:4      | Noticed Pikel
  1604 | D:4      | Noticed a lemure
  1604 | D:4      | Noticed a lemure
  1605 | D:4      | Noticed a lemure
  1606 | D:4      | Noticed a lemure
  1616 | D:4      | Killed Pikel
  1617 | D:4      | Reached skill level 5 in Fighting
  1617 | D:4      | Reached skill level 6 in Axes
  1617 | D:4      | Reached skill level 5 in Armour
  1617 | D:4      | Reached skill level 5 in Shields
  1617 | D:4      | Reached XP level 6. HP: 31/56 MP: 5/5
  1617 | D:4      | Reached XP level 7. HP: 34/61 MP: 6/6
  1649 | D:4      | Found a runed translucent door.
  1649 | D:4      | Noticed Crazy Yiuf
  1659 | D:4      | Killed Crazy Yiuf
  2150 | D:4      | Found a runed translucent gate.
  2150 | D:4      | Found a runed translucent gate.
  2150 | D:4      | Found a runed translucent gate.
  2221 | D:3      | Noticed Terence
  2221 | D:3      | Found Alue's Armour Boutique.
  2222 | D:3      | Noticed Sigmund
  2224 | D:3      | Noticed Grinder
  2935 | D:3      | Found a faded altar of an unknown god.
  2946 | D:3      | Reached skill level 7 in Axes
  2996 | D:3      | Paralysed by Grinder for 2 turns
  3000 | D:3      | Killed Grinder
  3001 | D:3      | Reached XP level 8. HP: 29/70 MP: 7/7
  3213 | D:3      | Found Xeapoih's Armour Shoppe.
  3246 | D:3      | Killed Sigmund
  3738 | D:3      | Got the Vademecum on Viperous Hurting
  4250 | D:4      | Found a staircase to the Ecumenical Temple.
  4256 | Temple   | Entered the Ecumenical Temple
  4324 | Temple   | Became a worshipper of Gozag Ym Sagoz the Greedy
  4495 | D:4      | Reached skill level 8 in Axes
  4599 | D:4      | Killed a11behringer's ghost
  4772 | D:5      | Entered Level 5 of the Dungeon
  5126 | D:5      | Found an ancient bone altar of Kikubaaqudgha.
  5259 | D:5      | Reached skill level 9 in Axes
  5546 | D:6      | Reached skill level 1 in Ranged Weapons
  5546 | D:6      | Reached XP level 9. HP: 65/79 MP: 8/8
  5754 | D:6      | Reached skill level 1 in Evocations
  5965 | D:6      | Noticed a moth of wrath
  5968 | D:6      | Found a bloodstained altar of Trog.
  6259 | D:6      | Found a broken altar of Ashenzari.
  6264 | D:6      | Found a shimmering blue altar of Sif Muna.
  6267 | D:6      | Found a glowing golden altar of the Shining One.
  6720 | D:7      | Noticed a troll
  6725 | D:7      | Killed a troll
  6726 | D:7      | Reached skill level 10 in Axes
  6819 | D:7      | Noticed a gargoyle
  6829 | D:7      | Killed a gargoyle
  6830 | D:7      | Reached skill level 5 in Ranged Weapons
  6936 | D:7      | Reached XP level 10. HP: 15/88 MP: 9/9
  7165 | D:7      | Noticed a gargoyle
  7298 | D:7      | Killed a gargoyle
  7299 | D:7      | Reached skill level 11 in Axes
  7839 | D:7      | Bought a dark potion for 27 gold pieces
  7839 | D:7      | Bought a dark potion for 27 gold pieces
  7839 | D:7      | Bought a bubbling golden potion for 27 gold pieces
  7839 | D:7      | Bought a fuming inky potion for 27 gold pieces
  8641 | D:7      | Upgraded the game from 0.30-a0-165-g1891117ce2 to
                  | 0.30-a0-168-g0b976cbdc4
  8993 | D:8      | Noticed Grum
  9001 | D:8      | Reached skill level 12 in Axes
  9497 | D:7      | Killed Grum
  9991 | D:8      | Gained mutation: Your body sometimes deteriorates upon
                  | taking damage. [potion of mutation]
  9991 | D:8      | Gained mutation: A frigid envelope surrounds you and
                  | freezes all who hurt you. [potion of mutation]
  9991 | D:8      | Gained mutation: You are robust. (+10% HP) [potion of
                  | mutation]
  9992 | D:8      | Lost mutation: A frigid envelope surrounds you and freezes
                  | all who hurt you. [potion of mutation]
  9992 | D:8      | Lost mutation: Your body sometimes deteriorates upon taking
                  | damage. [potion of mutation]
  9992 | D:8      | Gained mutation: You occasionally lose the ability to read
                  | scrolls when taking damage. [potion of mutation]
  9992 | D:8      | Gained mutation: Your movements are slightly less
                  | encumbered by armour. (ER -2) [potion of mutation]
  9993 | D:8      | Lost mutation: You occasionally lose the ability to read
                  | scrolls when taking damage. [potion of mutation]
  9993 | D:8      | Lost mutation: Your movements are slightly less encumbered
                  | by armour. (ER -2) [potion of mutation]
  9993 | D:8      | Lost mutation: You are robust. (+10% HP) [potion of
                  | mutation]
  9993 | D:8      | Gained mutation: You are weak. (Str -2) [potion of
                  | mutation]
  9993 | D:8      | Gained mutation: You have large cloven feet. [potion of
                  | mutation]
  9993 | D:8      | Gained mutation: You are covered in fur. (AC +1) [potion of
                  | mutation]
  9994 | D:8      | Lost mutation: You are weak. (Str -2) [potion of mutation]
  9994 | D:8      | Lost mutation: You have large cloven feet. [potion of
                  | mutation]
  9994 | D:8      | Gained mutation: You have large cloven feet. [potion of
                  | mutation]
  9994 | D:8      | Gained mutation: You are agile. (Dex +4, Str/Int -1)
                  | [potion of mutation]
 10137 | D:8      | Found Hijawney's Weapon Shoppe.
 10143 | D:8      | Reached XP level 11. HP: 83/97 MP: 10/10
 10803 | D:9      | Paralysed by a hornet for 2 turns
 10806 | D:9      | Mangled by a hornet

Illustrated notes

Levels and vault maps discovered:
D:1:      mrwooster_arrival_statue, layout_basic, minmay_worlds_worst_comb
D:2:      layout_loops_ring, minmay_tetromino_t4
D:3:      layout_basic, ebering_ecumenical_altar_mist, serial_shops, shop,
          shop_statue, minivault_5, dk_vineyard_3, uniq_sigmund, uniq_grinder,
          uniq_terence
D:4:      layout_basic, minmay_temple_entry_enclosed_plants,
          gammafunk_ghost_icy, portal_sewer_entry_f, minmay_circle_x, uniq_ijyb,
          uniq_crazy_yiuf_cottage, uniq_pikel
D:5:      layout_basic, kennysheep_vampire_church
D:6:      layout_basic, tgw_trog, minitemple, serial_aquarium,
          aquarium_bridge_square [aquarium_subvault_window,
          aquarium_subvault_wall, aquarium_subvault_wall,
          aquarium_subvault_bridge], aquarium_window_1, aquarium_window_1,
          aquarium_window_2, aquarium_window_1, aquarium_view_2a,
          aquarium_balcony_5a, aquarium_pool_1
D:7:      minmay_the_grid_octo_tiled_octocenter [minmay_the_grid_octo_77,
          minmay_the_grid_octo_clover_2, minmay_the_grid_octo_clover,
          minmay_the_grid_octo_odd_swirl, minmay_the_grid_octo_prize_star,
          minmay_the_grid_square_5x5_checkered_statues,
          minmay_the_grid_square_5x5_meh,
          minmay_the_grid_square_5x5_spiral_small,
          minmay_the_grid_square_5x5_two_small], layout_cave_pods
D:8:      layout_basic, serial_shops, shop, uniq_grum
D:9:      layout_loops_cross, nicolae_qazlal_style_of_elements,
          gammafunk_temple_overflow_statue, uniq_gastronok
Temple:   nicolae_temple_godzebo

Skill      XL: |  1  2  3  4  5  6  7  8  9 10 |
---------------+-------------------------------+-----
Axes           | 3 4 6 7 9 10 12 | 12.6
Fighting       | 4 5 6 7 8 9 |  9.5
Armour         | 4 5 6 7 |  7.1
Shields        | 4 5 6 7 |  7.2
Ranged Weapons | 1 5 8 |  8.2
Evocations     | 2 4 |  4.6

Action                   |  1- 3 |  4- 6 |  7- 9 | 10-12 || total
-------------------------+-------+-------+-------+-------++-------
Melee: War axe           |    49 |    46 |   316 |   151 ||   562
       Headbutt          |     5 |     7 |    56 |    44 ||   112
       Battleaxe         |       |       |       |   112 ||   112
       Kick              |       |       |       |     7 ||     7
       Mace              |       |       |       |     9 ||     9
 Fire: Sling             |       |       |     9 |       ||     9
       Shortbow          |       |       |       |     9 ||     9
Throw: Stone             |       |       |     3 |     4 ||     7
       Dart              |       |       |     3 |       ||     3
       Boomerang         |       |       |     2 |    20 ||    22
Invok: Call Merchant     |       |       |       |     1 ||     1
Evoke: Wand              |       |       |     6 |    12 ||    18
       Tin of tremorston |       |       |       |     2 ||     2
  Use: Scroll            |     1 |       |     7 |     6 ||    14
       Potion            |     1 |     1 |       |     5 ||     7
 Stab: Distracted        |       |       |       |     1 ||     1
Armor: Scale mail        |    18 |    23 |    58 |       ||    99
       Skin              |       |    32 |     1 |       ||    33
       Chain mail        |       |       |    53 |   145 ||   198
Dodge: Dodged            |    19 |    12 |    87 |    86 ||   204
Block: Buckler           |     7 |    14 |   176 |    79 ||   276
       Reflection        |       |       |     4 |     3 ||     7
       Other             |       |       |       |    38 ||    38

Table legend: (Time is in decaauts)
 A = Elapsed time spent in this place.
 B = Non-inter-level travel time spent in this place.
 C = Inter-level travel time spent in this place.
 D = Time resting spent in this place.
 E = Time spent auto-exploring this place.
 F = Levels seen in this place.
 G = Mean time per level.
                   A        B        C        D        E       F      G
               +--------+--------+--------+--------+--------+-----+--------+
         Total |  10902 |  10570 |    332 |   2689 |   5738 |  10 | 1090.2 |
       Dungeon |  10802 |  10500 |    302 |   2689 |   5683 |   9 | 1200.2 |
        Temple |     99 |     69 |     30 |      0 |     55 |   1 |   99.0 |
               +--------+--------+--------+--------+--------+-----+--------+

Top non-repeatable levels by time:
     D:7: 3221 daAuts
     D:4: 1988 daAuts
     D:1: 1047 daAuts
     D:3: 1017 daAuts
     D:6: 963 daAuts
     D:8: 837 daAuts
     D:5: 760 daAuts
     D:2: 679 daAuts
     D:9: 289 daAuts
  Temple: 99 daAuts
